RedWings vs Predators

Created - 28 octobre 2017 at 17:24

Goals
1 2 3 T
RedWings 0 4 0 4
Predators 0 2 0 2
Shots
1 2 3 T
RedWings 10 9 9 28
Predators 9 9 8 26

1st period

No Goal

Penalties :
Roman Josi (NSH) for Hooking (Minor) at 10:47, Max Pacioretty (NSH) for Slashing (Minor) at 16:48

2nd period

1. Predators , Elias Lindholm 2 (Max Pacioretty 9, Roman Josi 9) at 2:09
2. RedWings , Ben Lovejoy 1 (Dennis Seidenberg 6, Jonathan Drouin 3) at 4:53 (PP)
3. RedWings , Loui Eriksson 6 (Andrew Cogliano 6, Jake Gardiner 6) at 10:52
4. Predators , J.T. Miller 4 (Steven Stamkos 5) at 12:22
5. RedWings , Loui Eriksson 7 (Jonathan Drouin 4, Dennis Seidenberg 7) at 17:18 (PP)
6. RedWings , Jonathan Drouin 4 (Paul Martin 10, Ben Lovejoy 3) at 19:08 (PP)

Penalties :
Vincent Trocheck (NSH) for Tripping (Minor) at 2:58, Vladislav Namestnikov (NSH) for Tripping (Minor) at 15:59, Vincent Trocheck (NSH) for Hooking (Minor) at 18:10

3rd period

No Goal

Penalties :
Steven Stamkos (NSH) for Slashing (Minor) at 3:40, Oscar Klefbom (NSH) for Holding (Minor) at 10:20

Goalie Stats

John Gibson (DET), 24 saves from 26 shots - (0.923), W, 5-3-0, 60:00 minutes
Pekka Rinne (NSH), 9 saves from 9 shots - (1.000), 20:52 minutes
Calvin Pickard (NSH), 15 saves from 19 shots - (0.789), L, 0-1-0, 39:08 minutes

Players Stats for RedWings

Player Name              G  A  P  +/- PIM S  H  SB GA TA FO     MP     PP MP  PK MP  
------------------------------------------------------------------------------------
Andrew Cogliano          0  1  1   1  0   2  4  0  0  0  0/2    11:50   0:00   0:00 
Ben Lovejoy              1  1  2  -1  0   1  2  4  0  0  0/0    19:43   1:32   0:00 
David Pastrnak           0  0  0  -1  0   3  5  0  0  0  0/0    20:32   5:57   0:00 
Dennis Seidenberg        0  2  2   1  0   1  1  1  0  0  0/0    24:02   6:19   0:00 
Erik Haula               0  0  0   0  0   0  0  0  0  0  3/7    10:10   0:54   0:00 
Filip Forsberg           0  0  0  -1  0   1  3  0  0  0  1/1    20:03   5:52   0:00 
Jake Gardiner            0  1  1   0  0   1  2  1  0  0  0/0    22:27   5:28   0:00 
Jonathan Drouin          1  2  3  -1  0   4  1  0  0  0  0/3    21:25   6:16   0:00 
Kris Russell             0  0  0  -2  0   1  1  1  0  0  0/0    25:59   5:08   0:00 
Loui Eriksson            2  0  2   1  0   5  0  1  0  0  0/0    18:44   6:01   0:00 
Micheal Ferland          0  0  0   0  0   0  1  0  0  0  0/1     7:16   0:00   0:00 
Paul Martin              0  1  1   0  0   2  0  1  0  0  0/0    22:48   5:39   0:00 
Ryan Hartman             0  0  0  -1  0   0  2  0  0  0  0/1    14:11   0:00   0:00 
Sam Gagner               0  0  0   1  0   0  0  0  0  0  9/19   11:50   0:00   0:00 
Sean Monahan             0  0  0  -1  0   1  0  0  0  0  10/31  20:42   6:07   0:00 
Sven Andrighetto         0  0  0   0  0   2  0  0  0  0  1/1     7:16   0:00   0:00 
Thomas Hickey            0  0  0   0  0   0  0  1  0  0  0/0     0:50   0:00   0:00 
Tyler Toffoli            0  0  0  -1  0   4  0  0  0  0  11/22  20:12   5:27   0:00 

Players Stats for Predators

Player Name              G  A  P  +/- PIM S  H  SB GA TA FO     MP     PP MP  PK MP  
------------------------------------------------------------------------------------
Anthony Duclair          0  0  0   0  0   1  0  0  0  0  0/1     6:48   0:00   0:00 
Chris Kelly              0  0  0   0  0   1  0  0  0  0  5/14    9:07   0:00   2:19 
Colton Sissons           0  0  0   0  0   1  3  0  0  0  0/0     6:48   0:00   0:00 
Connor Murphy            0  0  0   0  0   1  2  2  0  0  0/0    21:17   0:00   5:53 
Elias Lindholm           1  0  1   1  0   3  0  0  0  0  1/1    15:37   0:00   0:19 
J.T. Miller              1  0  1   1  0   2  1  0  0  0  0/0    15:35   0:00   2:20 
Jaden Schwartz           0  0  0  -1  0   1  0  0  0  0  0/1    13:40   0:00   1:09 
John Moore               0  0  0   0  0   0  0  2  0  0  0/0    17:49   0:00   5:50 
Kevin Hayes              0  0  0  -1  0   1  0  0  0  0  0/0    12:31   0:00   0:00 
Max Pacioretty           0  1  1   1  2   4  1  1  0  0  1/2    18:26   0:00   3:09 
Nick Leddy               0  0  0   0  0   1  0  1  0  0  0/0    20:00   0:00   1:13 
Nicklas Backstrom        0  0  0   1  0   0  1  0  0  0  20/23  21:27   0:00   6:40 
Nikita Zadorov           0  0  0   0  0   1  2  1  0  0  0/0    17:15   0:00   5:47 
Oscar Klefbom            0  0  0   1  2   0  1  0  0  0  0/0    18:07   0:00   0:31 
Roman Josi               0  1  1   1  2   2  1  2  0  0  0/0    25:11   0:00   4:43 
Steven Stamkos           0  1  1   1  2   5  2  0  0  0  15/25  19:57   0:00   6:12 
Vincent Trocheck         0  0  0  -1  4   1  1  0  0  0  11/21  14:56   0:00   2:27 
Vladislav Namestnikov    0  0  0   1  2   1  0  0  0  0  0/0    13:14   0:00   0:00 

3 Stars

1 - Loui Eriksson (DET)
2 - Jonathan Drouin (DET)
3 - Ben Lovejoy (DET)

Power Play

RedWings - 3 on 7 Attempt(s) - 42.86%
Predators - 0 on 0 Attempt(s) - 0.00%

Penalty Kill

RedWings - 0 on 0 Attempt(s) - 0.00% - Score 0 goal in Penalty Kill
Predators - 4 on 7 Attempt(s) - 57.14% - Score 0 goal in Penalty Kill

Team Stat

RedWings - Hits : 22 - Faceoff Wins : 35 - Blocked Shots : 10 - Penalty Minutes : 0
Predators - Hits : 15 - Faceoff Wins : 53 - Blocked Shots : 9 - Penalty Minutes : 14

Official

Referees : Chris Lee and Gord Dwyer
Linesman : John Grandt and Steve Miller

Game Notes

Thomas Hickey is injured at 3:53 of 1st period (Sprained Left Ankle)
Pekka Rinne enters game at 19:08 of 2nd period

Finance

Level 1 -- Attendance: 6140 (94.46%) -- Ticket Income 614 000 $
Level 2 -- Attendance: 5000 (100.00%) -- Ticket Income 385 000 $
Level 3 -- Attendance: 3417 (97.63%) -- Ticket Income 198 186 $
Level 4 -- Attendance: 1113 (100.00%) -- Ticket Income 46 746 $
Luxury Box -- Attendance: 1000 (100.00%) -- Ticket Income 185 000 $
Game was played at the Bridgestone Arena.
Total Attendance: 16670 (97.41%)
Total Ticket Income: 1 428 932 $
Other Income: 214 340 $
Total Income: 1 643 272 $

% Time on Ice - RedWings

Lines # - Real PCT - Wanted PCT - Time Play
Normal Forward
1 - 30% - 40% - 14:35
2 - 30% - 30% - 14:11
3 - 25% - 20% - 11:50
4 - 15% - 10% - 7:16
Normal Defense
1 - 32% - 40% - 15:11
2 - 24% - 30% - 11:28
3 - 28% - 20% - 13:13
4 - 17% - 10% - 8:00
PP Forward
1 - 50% - 60% - 6:01
2 - 50% - 40% - 6:07
PP Defense
1 - 34% - 60% - 4:10
2 - 66% - 40% - 7:58
PK Forward
1 - 0% - 60%
2 - 0% - 40%
PK Defense
1 - 0% - 60%
2 - 0% - 40%
PK3 Forward
1 - 0% - 60%
2 - 0% - 40%
PK3 Defense
1 - 0% - 60%
2 - 0% - 40%
44 Forward
1 - 0% - 60%
2 - 0% - 40%
44 Defense
1 - 0% - 60%
2 - 0% - 40%
Last Minute Offensive  - 0:00
Last Minute Defensive  - 0:00
Total
Forward - 60:00
Defense - 60:00

% Time on Ice - Predators

Lines # - Real PCT - Wanted PCT - Time Play
Normal Forward
1 - 32% - 34% - 15:18
2 - 28% - 30% - 13:15
3 - 26% - 26% - 12:31
4 - 14% - 10% - 6:48
Normal Defense
1 - 37% - 34% - 17:37
2 - 33% - 33% - 15:55
3 - 24% - 23% - 11:28
4 - 6% - 10% - 2:52
PP Forward
1 - 0% - 60%
2 - 0% - 40%
PP Defense
1 - 0% - 60%
2 - 0% - 40%
PK Forward
1 - 69% - 60% - 8:25
2 - 31% - 40% - 3:43
PK Defense
1 - 45% - 60% - 5:26
2 - 55% - 40% - 6:42
PK3 Forward
1 - 0% - 60%
2 - 0% - 40%
PK3 Defense
1 - 0% - 60%
2 - 0% - 40%
44 Forward
1 - 0% - 60%
2 - 0% - 40%
44 Defense
1 - 0% - 60%
2 - 0% - 40%
Last Minute Offensive  - 0:00
Last Minute Defensive  - 0:00
Total
Forward - 60:00
Defense - 60:00

Play by Play

1st period


0:01 of 1st period - Sean Monahan wins face-off versus Nicklas Backstrom in neutral zone.
0:19 of 1st period - Nicklas Backstrom is hit by Dennis Seidenberg and loses puck.
1:17 of 1st period - Icing by Kris Russell.
1:18 of 1st period - Tyler Toffoli wins face-off versus Vincent Trocheck in RedWings zone.
1:18 of 1st period - Tyler Toffoli is hit by Vincent Trocheck.
1:21 of 1st period - Icing by Filip Forsberg.
1:22 of 1st period - Vincent Trocheck wins face-off versus Tyler Toffoli in RedWings zone.
1:42 of 1st period - Shot by Tyler Toffoli.
1:42 of 1st period - Stopped by Calvin Pickard without a rebound.
1:43 of 1st period - Chris Kelly wins face-off versus Sam Gagner in Predators zone.
1:43 of 1st period - Chris Kelly is hit by Andrew Cogliano.
1:57 of 1st period - Icing by Loui Eriksson.
1:58 of 1st period - Steven Stamkos wins face-off versus Sam Gagner in RedWings zone.
2:21 of 1st period - Shot by J.T. Miller.
2:21 of 1st period - Deflect By Steven Stamkos.
2:21 of 1st period - Shot Misses the Net.
2:23 of 1st period - Shot by Steven Stamkos.
2:23 of 1st period - Stopped by John Gibson without a rebound.
2:24 of 1st period - Vincent Trocheck wins face-off versus Erik Haula in RedWings zone.
2:49 of 1st period - Shot by Sven Andrighetto.
2:49 of 1st period - Shot Blocked by Nick Leddy.
3:49 of 1st period - Off-side.
3:50 of 1st period - Steven Stamkos wins face-off versus Sean Monahan in neutral zone.
3:53 of 1st period - Shot by Steven Stamkos.
3:53 of 1st period - Shot Blocked by Thomas Hickey.
3:53 of 1st period - Thomas Hickey from RedWings is injured at 3:53 of 1st period (Sprained Left Ankle).
3:54 of 1st period - Steven Stamkos wins face-off versus Sean Monahan in RedWings zone.
4:08 of 1st period - Off-side.
4:09 of 1st period - Chris Kelly wins face-off versus Sam Gagner in neutral zone.
4:17 of 1st period - Shot by Chris Kelly.
4:17 of 1st period - Shot Misses the Net.
4:23 of 1st period - Shot by Colton Sissons.
4:23 of 1st period - Stopped by John Gibson without a rebound.
4:24 of 1st period - Nicklas Backstrom wins face-off versus Sean Monahan in RedWings zone.
4:50 of 1st period - Off-side.
4:51 of 1st period - Tyler Toffoli wins face-off versus Steven Stamkos in neutral zone.
5:04 of 1st period - Shot by J.T. Miller.
5:04 of 1st period - Deflect By Steven Stamkos.
5:04 of 1st period - Shot Misses the Net.
5:06 of 1st period - Shot by Steven Stamkos.
5:06 of 1st period - Stopped by John Gibson without a rebound.
5:07 of 1st period - Sam Gagner wins face-off versus Anthony Duclair in RedWings zone.
5:14 of 1st period - Chris Kelly is hit by Andrew Cogliano and loses puck.
5:19 of 1st period - Shot by Andrew Cogliano.
5:19 of 1st period - Deflect By Loui Eriksson.
5:19 of 1st period - Stopped by Calvin Pickard without a rebound.
5:20 of 1st period - Sean Monahan wins face-off versus Steven Stamkos in Predators zone.
5:30 of 1st period - Icing by Nick Leddy.
5:31 of 1st period - Steven Stamkos wins face-off versus Tyler Toffoli in Predators zone.
5:39 of 1st period - Shot by Roman Josi.
5:39 of 1st period - Shot Misses the Net.
5:41 of 1st period - Shot by Roman Josi.
5:41 of 1st period - Shot Misses the Net.
5:43 of 1st period - Shot by J.T. Miller.
5:43 of 1st period - Stopped by John Gibson without a rebound.
5:44 of 1st period - Nicklas Backstrom wins face-off versus Sean Monahan in RedWings zone.
5:51 of 1st period - Shot by Max Pacioretty.
5:51 of 1st period - Shot Misses the Net.
6:02 of 1st period - Jonathan Drouin is hit by Nikita Zadorov and loses puck.
6:07 of 1st period - Shot by David Pastrnak.
6:07 of 1st period - Stopped by Calvin Pickard without a rebound.
6:08 of 1st period - Sam Gagner wins face-off versus Vincent Trocheck in Predators zone.
6:21 of 1st period - Shot by Loui Eriksson.
6:21 of 1st period - Stopped by Calvin Pickard without a rebound.
6:22 of 1st period - Tyler Toffoli wins face-off versus Steven Stamkos in Predators zone.
6:43 of 1st period - J.T. Miller is hit by Filip Forsberg and loses puck.
6:56 of 1st period - Shot by Tyler Toffoli.
6:56 of 1st period - Stopped by Calvin Pickard with a rebound.
8:16 of 1st period - Shot by David Pastrnak.
8:16 of 1st period - Shot Blocked by John Moore.
9:09 of 1st period - John Moore is hit by Andrew Cogliano and loses puck.
9:14 of 1st period - Shot by Andrew Cogliano.
9:14 of 1st period - Shot Misses the Net.
9:25 of 1st period - Sam Gagner is hit by Nikita Zadorov and loses puck.
10:18 of 1st period - Shot by Steven Stamkos.
10:18 of 1st period - Stopped by John Gibson without a rebound.
10:19 of 1st period - Sean Monahan wins face-off versus Chris Kelly in RedWings zone.
10:30 of 1st period - Shot by Jonathan Drouin.
10:30 of 1st period - Stopped by Calvin Pickard with a rebound.
10:32 of 1st period - Shot by Paul Martin.
10:32 of 1st period - Stopped by Calvin Pickard without a rebound.
10:33 of 1st period - Vincent Trocheck wins face-off versus Erik Haula in Predators zone.
10:47 of 1st period - Minor Penalty to Roman Josi for Hooking.
10:48 of 1st period - Chris Kelly wins face-off versus Sean Monahan in Predators zone.
11:15 of 1st period - Shot by Kris Russell.
11:15 of 1st period - Shot Misses the Net.
11:48 of 1st period - Loui Eriksson is hit by Steven Stamkos and loses puck.
12:36 of 1st period - Shot by Paul Martin.
12:36 of 1st period - Stopped by Calvin Pickard without a rebound.
12:37 of 1st period - Nicklas Backstrom wins face-off versus Sean Monahan in Predators zone.
12:43 of 1st period - Icing by Ben Lovejoy.
12:44 of 1st period - Nicklas Backstrom wins face-off versus Sean Monahan in RedWings zone.
12:51 of 1st period - Shot by Steven Stamkos.
12:51 of 1st period - Shot Misses the Net.
12:53 of 1st period - Shot by Roman Josi.
12:53 of 1st period - Stopped by John Gibson without a rebound.
12:54 of 1st period - Sam Gagner wins face-off versus Vincent Trocheck in RedWings zone.
13:28 of 1st period - Shot by Jaden Schwartz.
13:28 of 1st period - Shot Misses the Net.
13:30 of 1st period - Shot by Vincent Trocheck.
13:30 of 1st period - Shot Hit the Post.
13:32 of 1st period - Shot by Vincent Trocheck.
13:32 of 1st period - Stopped by John Gibson without a rebound.
13:33 of 1st period - Steven Stamkos wins face-off versus Tyler Toffoli in RedWings zone.
14:00 of 1st period - Shot by Filip Forsberg.
14:00 of 1st period - Shot Misses the Net.
14:17 of 1st period - Icing by Nick Leddy.
14:18 of 1st period - Steven Stamkos wins face-off versus Sean Monahan in Predators zone.
14:26 of 1st period - Vladislav Namestnikov is hit by David Pastrnak and loses puck.
14:36 of 1st period - Icing by Ben Lovejoy.
14:37 of 1st period - Nicklas Backstrom wins face-off versus Jonathan Drouin in RedWings zone.
15:50 of 1st period - Shot by Anthony Duclair.
15:50 of 1st period - Stopped by John Gibson with a rebound.
15:52 of 1st period - Shot by Nikita Zadorov.
15:52 of 1st period - Shot Blocked by Dennis Seidenberg.
15:54 of 1st period - Shot by Nikita Zadorov.
15:54 of 1st period - Stopped by John Gibson without a rebound.
15:55 of 1st period - Tyler Toffoli wins face-off versus Jaden Schwartz in RedWings zone.
16:35 of 1st period - Icing by Jaden Schwartz.
16:36 of 1st period - Sean Monahan wins face-off versus Vincent Trocheck in Predators zone.
16:48 of 1st period - Minor Penalty to Max Pacioretty for Slashing.
16:49 of 1st period - Nicklas Backstrom wins face-off versus Tyler Toffoli in Predators zone.
16:49 of 1st period - Nicklas Backstrom is hit by Jonathan Drouin.
17:05 of 1st period - Shot by Tyler Toffoli.
17:05 of 1st period - Shot Blocked by Nikita Zadorov.
17:07 of 1st period - Shot by Dennis Seidenberg.
17:07 of 1st period - Stopped by Calvin Pickard without a rebound.
17:08 of 1st period - Nicklas Backstrom wins face-off versus Sean Monahan in Predators zone.
17:17 of 1st period - Kris Russell is hit by Nicklas Backstrom and loses puck.
17:33 of 1st period - Off-side.
17:34 of 1st period - Tyler Toffoli wins face-off versus Chris Kelly in neutral zone.
17:36 of 1st period - Off-side.
17:37 of 1st period - Nicklas Backstrom wins face-off versus Tyler Toffoli in neutral zone.
17:44 of 1st period - Shot by Steven Stamkos.
17:44 of 1st period - Shot Blocked by Paul Martin.
18:00 of 1st period - Shot by Jonathan Drouin.
18:00 of 1st period - Stopped by Calvin Pickard without a rebound.
18:01 of 1st period - Sean Monahan wins face-off versus Chris Kelly in Predators zone.
18:30 of 1st period - Shot by Sean Monahan.
18:30 of 1st period - Shot Misses the Net.
18:48 of 1st period - Shot by Jonathan Drouin.
18:48 of 1st period - Shot Misses the Net.
18:51 of 1st period - Icing by Roman Josi.
18:52 of 1st period - Sven Andrighetto wins face-off versus Vincent Trocheck in Predators zone.
19:17 of 1st period - Vincent Trocheck is hit by Micheal Ferland and loses puck.
Goals for this period are 0 for RedWings vs 0 for Predators.
Shots for this period are 10 for RedWings vs 9 for Predators.

2nd period


0:01 of 2nd period - Steven Stamkos wins face-off versus Sean Monahan in neutral zone.
0:22 of 2nd period - Shot by Vladislav Namestnikov.
0:22 of 2nd period - Shot Misses the Net.
0:24 of 2nd period - Shot by Steven Stamkos.
0:24 of 2nd period - Shot Misses the Net.
0:26 of 2nd period - Shot by Roman Josi.
0:26 of 2nd period - Stopped by John Gibson without a rebound.
0:27 of 2nd period - Tyler Toffoli wins face-off versus Max Pacioretty in RedWings zone.
0:44 of 2nd period - Shot by Nicklas Backstrom.
0:44 of 2nd period - Deflect By Max Pacioretty.
0:44 of 2nd period - Stopped by John Gibson without a rebound.
0:45 of 2nd period - Chris Kelly wins face-off versus Andrew Cogliano in RedWings zone.
0:48 of 2nd period - Shot by Chris Kelly.
0:48 of 2nd period - Stopped by John Gibson without a rebound.
0:49 of 2nd period - Steven Stamkos wins face-off versus Sean Monahan in RedWings zone.
1:42 of 2nd period - Roman Josi is hit by David Pastrnak and loses puck.
1:52 of 2nd period - Max Pacioretty is hit by Ryan Hartman and loses puck.
2:05 of 2nd period - Shot by Max Pacioretty.
2:05 of 2nd period - Shot Blocked by Ben Lovejoy.
2:07 of 2nd period - Shot by Max Pacioretty.
2:07 of 2nd period - Shot Misses the Net.
2:09 of 2nd period - Shot by Elias Lindholm.
2:09 of 2nd period - Goal by Elias Lindholm - RedWings : 0 - Predators : 1.
2:10 of 2nd period - Sam Gagner wins face-off versus Chris Kelly in neutral zone.
2:37 of 2nd period - Shot by Andrew Cogliano.
2:37 of 2nd period - Stopped by Calvin Pickard without a rebound.
2:38 of 2nd period - Vincent Trocheck wins face-off versus Tyler Toffoli in Predators zone.
2:53 of 2nd period - Shot by Vincent Trocheck.
2:53 of 2nd period - Deflect By Kevin Hayes.
2:53 of 2nd period - Shot Misses the Net.
2:58 of 2nd period - Minor Penalty to Vincent Trocheck for Tripping.
2:59 of 2nd period - Nicklas Backstrom wins face-off versus Tyler Toffoli in Predators zone.
4:43 of 2nd period - Shot by Erik Haula.
4:43 of 2nd period - Shot Misses the Net.
4:49 of 2nd period - Shot by Ben Lovejoy.
4:49 of 2nd period - Shot Blocked by Connor Murphy.
4:51 of 2nd period - Shot by Dennis Seidenberg.
4:51 of 2nd period - Shot Misses the Net.
4:53 of 2nd period - Shot by Ben Lovejoy.
4:53 of 2nd period - Goal by Ben Lovejoy - RedWings : 1 - Predators : 1.
4:54 of 2nd period - Erik Haula wins face-off versus Vincent Trocheck in neutral zone.
6:07 of 2nd period - Shot by Andrew Cogliano.
6:07 of 2nd period - Stopped by Calvin Pickard without a rebound.
6:08 of 2nd period - Nicklas Backstrom wins face-off versus Sam Gagner in Predators zone.
6:28 of 2nd period - Andrew Cogliano is hit by Connor Murphy and loses puck.
6:35 of 2nd period - Shot by Sam Gagner.
6:35 of 2nd period - Shot Misses the Net.
6:37 of 2nd period - Shot by Dennis Seidenberg.
6:37 of 2nd period - Shot Misses the Net.
7:00 of 2nd period - Jonathan Drouin is hit by Connor Murphy and loses puck.
8:06 of 2nd period - Shot by Filip Forsberg.
8:06 of 2nd period - Stopped by Calvin Pickard without a rebound.
8:07 of 2nd period - Vincent Trocheck wins face-off versus Tyler Toffoli in Predators zone.
8:11 of 2nd period - Vincent Trocheck is hit by Filip Forsberg.
8:24 of 2nd period - Icing by Jake Gardiner.
8:25 of 2nd period - Chris Kelly wins face-off versus Ryan Hartman in RedWings zone.
8:31 of 2nd period - Filip Forsberg is hit by Colton Sissons and loses puck.
8:43 of 2nd period - Icing by Roman Josi.
8:44 of 2nd period - Sean Monahan wins face-off versus Chris Kelly in Predators zone.
8:44 of 2nd period - Jonathan Drouin is hit by Roman Josi and loses puck.
8:49 of 2nd period - Shot by David Pastrnak.
8:49 of 2nd period - Shot Misses the Net.
9:01 of 2nd period - Shot by Jonathan Drouin.
9:01 of 2nd period - Stopped by Calvin Pickard without a rebound.
9:02 of 2nd period - Steven Stamkos wins face-off versus Sam Gagner in Predators zone.
9:13 of 2nd period - Shot by Steven Stamkos.
9:13 of 2nd period - Stopped by John Gibson without a rebound.
9:14 of 2nd period - Nicklas Backstrom wins face-off versus Jonathan Drouin in RedWings zone.
10:17 of 2nd period - Icing by Nikita Zadorov.
10:18 of 2nd period - Tyler Toffoli wins face-off versus Steven Stamkos in Predators zone.
10:38 of 2nd period - Shot by Vladislav Namestnikov.
10:38 of 2nd period - Stopped by John Gibson without a rebound.
10:39 of 2nd period - Sam Gagner wins face-off versus Vincent Trocheck in RedWings zone.
10:52 of 2nd period - Shot by Loui Eriksson.
10:52 of 2nd period - Goal by Loui Eriksson - RedWings : 2 - Predators : 1.
10:53 of 2nd period - Erik Haula wins face-off versus Chris Kelly in neutral zone.
11:08 of 2nd period - Icing by Colton Sissons.
11:09 of 2nd period - Tyler Toffoli wins face-off versus Chris Kelly in Predators zone.
12:10 of 2nd period - Icing by Jake Gardiner.
12:11 of 2nd period - Steven Stamkos wins face-off versus Jonathan Drouin in RedWings zone.
12:22 of 2nd period - Shot by Steven Stamkos.
12:22 of 2nd period - Deflect By J.T. Miller.
12:22 of 2nd period - Goal by J.T. Miller - RedWings : 2 - Predators : 2.
12:23 of 2nd period - Max Pacioretty wins face-off versus Sam Gagner in neutral zone.
12:52 of 2nd period - Shot by Max Pacioretty.
12:52 of 2nd period - Stopped by John Gibson with a rebound.
12:54 of 2nd period - Shot by Elias Lindholm.
12:54 of 2nd period - Stopped by John Gibson without a rebound.
12:55 of 2nd period - Steven Stamkos wins face-off versus Sean Monahan in RedWings zone.
12:56 of 2nd period - Shot by J.T. Miller.
12:56 of 2nd period - Shot Misses the Net.
13:40 of 2nd period - Icing by Paul Martin.
13:41 of 2nd period - Nicklas Backstrom wins face-off versus Sean Monahan in RedWings zone.
13:49 of 2nd period - Off-side.
13:50 of 2nd period - Tyler Toffoli wins face-off versus Vincent Trocheck in neutral zone.
14:22 of 2nd period - Shot by Tyler Toffoli.
14:22 of 2nd period - Shot Misses the Net.
14:37 of 2nd period - Filip Forsberg is hit by Oscar Klefbom.
15:31 of 2nd period - Icing by Loui Eriksson.
15:32 of 2nd period - Sam Gagner wins face-off versus Steven Stamkos in RedWings zone.
15:32 of 2nd period - Andrew Cogliano is hit by J.T. Miller and loses puck.
15:43 of 2nd period - Shot by J.T. Miller.
15:43 of 2nd period - Shot Blocked by Jake Gardiner.
15:59 of 2nd period - Minor Penalty to Vladislav Namestnikov for Tripping.
16:00 of 2nd period - Nicklas Backstrom wins face-off versus Sean Monahan in Predators zone.
16:14 of 2nd period - Off-side.
16:15 of 2nd period - Nicklas Backstrom wins face-off versus Sean Monahan in neutral zone.
16:15 of 2nd period - Nicklas Backstrom is hit by David Pastrnak.
16:31 of 2nd period - Connor Murphy is hit by David Pastrnak and loses puck.
17:08 of 2nd period - Shot by Jonathan Drouin.
17:08 of 2nd period - Shot Blocked by Max Pacioretty.
17:16 of 2nd period - Shot by Loui Eriksson.
17:16 of 2nd period - Stopped by Calvin Pickard with a rebound.
17:18 of 2nd period - Shot by Loui Eriksson.
17:18 of 2nd period - Goal by Loui Eriksson - RedWings : 3 - Predators : 2.
17:19 of 2nd period - Erik Haula wins face-off versus Chris Kelly in neutral zone.
18:10 of 2nd period - Minor Penalty to Vincent Trocheck for Hooking.
18:11 of 2nd period - Nicklas Backstrom wins face-off versus Sean Monahan in Predators zone.
18:23 of 2nd period - Shot by David Pastrnak.
18:23 of 2nd period - Shot Blocked by John Moore.
19:00 of 2nd period - Shot by Tyler Toffoli.
19:00 of 2nd period - Shot Blocked by Roman Josi.
19:02 of 2nd period - Shot by Paul Martin.
19:02 of 2nd period - Shot Blocked by Connor Murphy.
19:04 of 2nd period - Shot by Ben Lovejoy.
19:04 of 2nd period - Shot Blocked by Roman Josi.
19:08 of 2nd period - Shot by Jonathan Drouin.
19:08 of 2nd period - Goal by Jonathan Drouin - RedWings : 4 - Predators : 2.
19:08 of 2nd period - Pekka Rinne enters game.
19:09 of 2nd period - Vincent Trocheck wins face-off versus Sam Gagner in neutral zone.
19:55 of 2nd period - Off-side.
19:56 of 2nd period - Steven Stamkos wins face-off versus Sean Monahan in neutral zone.
Goals for this period are 4 for RedWings vs 2 for Predators.
Shots for this period are 9 for RedWings vs 9 for Predators.

3rd period


0:01 of 3rd period - Nicklas Backstrom wins face-off versus Sean Monahan in neutral zone.
0:43 of 3rd period - Paul Martin is hit by Max Pacioretty and loses puck.
1:28 of 3rd period - Vladislav Namestnikov is hit by Ben Lovejoy and loses puck.
1:36 of 3rd period - Steven Stamkos is hit by Ben Lovejoy and loses puck.
1:39 of 3rd period - Shot by Steven Stamkos.
1:39 of 3rd period - Stopped by John Gibson without a rebound.
1:40 of 3rd period - Sam Gagner wins face-off versus Vincent Trocheck in RedWings zone.
3:03 of 3rd period - Shot by Sean Monahan.
3:03 of 3rd period - Stopped by Pekka Rinne without a rebound.
3:04 of 3rd period - Filip Forsberg wins face-off versus Steven Stamkos in Predators zone.
3:33 of 3rd period - Shot by Steven Stamkos.
3:33 of 3rd period - Shot Misses the Net.
3:35 of 3rd period - Shot by Oscar Klefbom.
3:35 of 3rd period - Shot Blocked by Ben Lovejoy.
3:40 of 3rd period - Minor Penalty to Steven Stamkos for Slashing.
3:41 of 3rd period - Tyler Toffoli wins face-off versus Nicklas Backstrom in Predators zone.
3:48 of 3rd period - Shot by Loui Eriksson.
3:48 of 3rd period - Shot Misses the Net.
4:08 of 3rd period - Shot by Kris Russell.
4:08 of 3rd period - Stopped by Pekka Rinne without a rebound.
4:09 of 3rd period - Nicklas Backstrom wins face-off versus Sean Monahan in Predators zone.
4:37 of 3rd period - Shot by David Pastrnak.
4:37 of 3rd period - Stopped by Pekka Rinne with a rebound.
5:42 of 3rd period - Shot by David Pastrnak.
5:42 of 3rd period - Shot Misses the Net.
6:04 of 3rd period - Shot by Steven Stamkos.
6:04 of 3rd period - Shot Blocked by Ben Lovejoy.
6:10 of 3rd period - Shot by Max Pacioretty.
6:10 of 3rd period - Stopped by John Gibson without a rebound.
6:11 of 3rd period - Sam Gagner wins face-off versus Chris Kelly in RedWings zone.
6:11 of 3rd period - Sam Gagner is hit by Colton Sissons.
6:17 of 3rd period - Jake Gardiner is hit by Colton Sissons and loses puck.
6:38 of 3rd period - Shot by Sam Gagner.
6:38 of 3rd period - Deflect By Jonathan Drouin.
6:38 of 3rd period - Shot Misses the Net.
7:35 of 3rd period - Shot by Max Pacioretty.
7:35 of 3rd period - Shot Blocked by Loui Eriksson.
7:37 of 3rd period - Shot by Connor Murphy.
7:37 of 3rd period - Deflect By Max Pacioretty.
7:37 of 3rd period - Shot Blocked by Ben Lovejoy.
7:39 of 3rd period - Shot by Max Pacioretty.
7:39 of 3rd period - Stopped by John Gibson without a rebound.
7:40 of 3rd period - Sean Monahan wins face-off versus Steven Stamkos in RedWings zone.
7:51 of 3rd period - John Moore is hit by David Pastrnak and loses puck.
8:00 of 3rd period - Shot by David Pastrnak.
8:00 of 3rd period - Stopped by Pekka Rinne without a rebound.
8:01 of 3rd period - Vincent Trocheck wins face-off versus Erik Haula in Predators zone.
8:22 of 3rd period - Shot by Sven Andrighetto.
8:22 of 3rd period - Stopped by Pekka Rinne with a rebound.
8:37 of 3rd period - Icing by Oscar Klefbom.
8:38 of 3rd period - Vincent Trocheck wins face-off versus Sam Gagner in Predators zone.
8:48 of 3rd period - Icing by Sam Gagner.
8:49 of 3rd period - Sam Gagner wins face-off versus Steven Stamkos in RedWings zone.
8:49 of 3rd period - Andrew Cogliano is hit by Steven Stamkos and loses puck.
10:20 of 3rd period - Minor Penalty to Oscar Klefbom for Holding.
10:21 of 3rd period - Sean Monahan wins face-off versus Nicklas Backstrom in Predators zone.
10:28 of 3rd period - Shot by Filip Forsberg.
10:28 of 3rd period - Shot Misses the Net.
10:30 of 3rd period - Shot by Jake Gardiner.
10:30 of 3rd period - Stopped by Pekka Rinne without a rebound.
10:31 of 3rd period - Tyler Toffoli wins face-off versus Steven Stamkos in Predators zone.
11:50 of 3rd period - Icing by Kris Russell.
11:51 of 3rd period - Nicklas Backstrom wins face-off versus Sean Monahan in RedWings zone.
11:58 of 3rd period - Shot by Nicklas Backstrom.
11:58 of 3rd period - Shot Misses the Net.
12:00 of 3rd period - Shot by Connor Murphy.
12:00 of 3rd period - Stopped by John Gibson without a rebound.
12:01 of 3rd period - Nicklas Backstrom wins face-off versus Tyler Toffoli in RedWings zone.
12:27 of 3rd period - Shot by Kevin Hayes.
12:27 of 3rd period - Stopped by John Gibson without a rebound.
12:28 of 3rd period - Vincent Trocheck wins face-off versus Micheal Ferland in RedWings zone.
12:33 of 3rd period - Shot by Jaden Schwartz.
12:33 of 3rd period - Stopped by John Gibson without a rebound.
12:34 of 3rd period - Vincent Trocheck wins face-off versus Tyler Toffoli in RedWings zone.
12:51 of 3rd period - Shot by Tyler Toffoli.
12:51 of 3rd period - Stopped by Pekka Rinne with a rebound.
12:54 of 3rd period - Icing by Roman Josi.
12:55 of 3rd period - Sean Monahan wins face-off versus Vincent Trocheck in Predators zone.
13:16 of 3rd period - Shot by Vincent Trocheck.
13:16 of 3rd period - Deflect By Kevin Hayes.
13:16 of 3rd period - Shot Blocked by Kris Russell.
13:18 of 3rd period - Shot by Vincent Trocheck.
13:18 of 3rd period - Shot Misses the Net.
14:20 of 3rd period - Icing by Nick Leddy.
14:21 of 3rd period - Steven Stamkos wins face-off versus Andrew Cogliano in Predators zone.
14:31 of 3rd period - Icing by Andrew Cogliano.
14:32 of 3rd period - Nicklas Backstrom wins face-off versus Sam Gagner in RedWings zone.
14:32 of 3rd period - Max Pacioretty is hit by Kris Russell and loses puck.
14:42 of 3rd period - Nicklas Backstrom is hit by Jake Gardiner and loses puck.
14:59 of 3rd period - Shot by Elias Lindholm.
14:59 of 3rd period - Stopped by John Gibson with a rebound.
15:01 of 3rd period - Shot by Elias Lindholm.
15:01 of 3rd period - Shot Misses the Net.
15:06 of 3rd period - Max Pacioretty is hit by Jake Gardiner and loses puck.
16:13 of 3rd period - Shot by Colton Sissons.
16:13 of 3rd period - Shot Misses the Net.
16:15 of 3rd period - Shot by Nick Leddy.
16:15 of 3rd period - Stopped by John Gibson without a rebound.
16:16 of 3rd period - Sean Monahan wins face-off versus Steven Stamkos in RedWings zone.
16:39 of 3rd period - Shot by David Pastrnak.
16:39 of 3rd period - Shot Misses the Net.
17:07 of 3rd period - Shot by Elias Lindholm.
17:07 of 3rd period - Shot Misses the Net.
17:19 of 3rd period - Shot by Max Pacioretty.
17:19 of 3rd period - Shot Hit the Post.
17:43 of 3rd period - Icing by Dennis Seidenberg.
17:44 of 3rd period - Vincent Trocheck wins face-off versus Sean Monahan in RedWings zone.
18:09 of 3rd period - Shot by Tyler Toffoli.
18:09 of 3rd period - Stopped by Pekka Rinne without a rebound.
18:10 of 3rd period - Steven Stamkos wins face-off versus Erik Haula in Predators zone.
18:29 of 3rd period - Shot by Sven Andrighetto.
18:29 of 3rd period - Stopped by Pekka Rinne without a rebound.
18:30 of 3rd period - Elias Lindholm wins face-off versus Tyler Toffoli in Predators zone.
18:30 of 3rd period - Elias Lindholm is hit by Ryan Hartman.
19:42 of 3rd period - Vladislav Namestnikov is hit by Filip Forsberg and loses puck.
19:58 of 3rd period - Icing by Nikita Zadorov.
19:59 of 3rd period - Steven Stamkos wins face-off versus Sam Gagner in Predators zone.
19:59 of 3rd period - Steven Stamkos is hit by Andrew Cogliano.
Goals for this period are 0 for RedWings vs 0 for Predators.
Shots for this period are 9 for RedWings vs 8 for Predators.